 Dungeon Crawl Stone Soup version 0.30-a0-23-ge60ba3568b (webtiles) character file.

Game seed: 14309578406145644321

140 Cedruin the Chopper (level 5, 41/41 HPs)
             Began as a Demonspawn Gladiator on Aug 24, 2022.
             Quit the game on level 3 of the Dungeon.
             The game lasted 00:02:35 (2132 turns).

Cedruin the Chopper (Demonspawn Gladiator)          Turns: 2132, Time: 00:02:35

Health: 41/41      AC:  7    Str: 16    XL:     5   Next: 2%
Magic:  5/5        EV: 12    Int:  9    God:
Gold:   153        SH:  0    Dex: 15    Spells: 4/4 levels left

rFire   . . .      SeeInvis .    a - +1 war axe
rCold   . . .      Faith    .    (no shield)
rNeg    . . .      Spirit   .    n - +0 ring mail
rPois   .          Reflect  .    c - +1 helmet
rElec   .          Harm     .    (no cloak)
rCorr   .          Rampage  .    (no gloves)
Will    .....                    (no boots)
Stlth   +.........               f - amulet of regeneration
HPRegen 0.93/turn                (no ring)
MPRegen 0.18/turn                (no ring)

@: no status effects
A: powered by pain 1, magic regeneration, sanguine armour 1
a: no special abilities


You were on level 3 of the Dungeon.
You visited 1 branch of the dungeon, and saw 3 of its levels.

You collected 153 gold pieces.

Inventory:

Hand Weapons
 a - a +1 war axe (weapon)
Missiles
 d - 3 throwing nets (quivered)
 e - a javelin
 g - 6 silver javelins
Armour
 c - a +1 helmet (worn)
 n - a +0 ring mail (worn)
Jewellery
 f - an amulet of regeneration (around neck)
Scrolls
 m - a scroll of teleportation
Potions
 b - a potion of curing
 h - a potion of flight {unknown}
 i - 3 potions of heal wounds
 k - a potion of resistance
Miscellaneous
 j - a condenser vane


   Skills:
 + Level 3.0 Fighting
 * Level 4.2 Axes
 - Level 1.7 Throwing
 + Level 3.4 Dodging


You had 4 spell levels left.
You didn't know any spells.
Your spell library was empty.

Dungeon Overview and Level Annotations

Branches:
Dungeon (3/15)

Altars:
Makhleb


Innate Abilities, Weirdness & Mutations

You sometimes gain a little power by taking damage.
You regenerate magic rapidly.
When seriously injured, your blood forms armour. (AC +0)


Message History

You are frozen.
You slash the endoplasm!
You kill the endoplasm!
No target in view!
No target in view!
No target in view!
You see here a condenser vane.
j - a condenser vane An orc comes into view.
It is wielding a +0 short sword.
An orc is nearby!
An orc is nearby!
An orc comes into view. It is wielding a +0 dagger.
The orc shouts!
You hit the orc.
The orc is heavily wounded.
The orc hits you but does no damage.
You slash the orc!
You kill the orc!
You have reached level 5!
Your demonic ancestry asserts itself...
You feel energised by your suffering.
You hit the orc.
The orc is moderately wounded.
The orc closely misses you.
You hit the orc.
You kill the orc!
No target in view!
No target in view!
No target in view!
No target in view!
No target in view!
No target in view!
No target in view!
No target in view!
Unknown command.
Unknown command.
Unknown command.
Unknown command.
Unknown command.
Are you sure you want to abandon this character and quit the game? (Confirm with "yes".)

#.#.##.......######## #...
#............... #.(#
#.......#######.
#..####..............
#######...............#####
##$......####.......####
#..#####.)# #.......#
.##...##.###.......#
#.#.#.#.#..@)......##
#...#.#...####.(..##
#.#.#.#.#.# #.####
.##...##.# ..# #...#####..#
#..........$...
##.........#### ###########


There were no monsters in sight!

Vanquished Creatures
  An orc wizard (D:3)
  3 adders
  2 dart slugs (D:1)
  7 orcs (D:3)
  5 bats
  11 endoplasms
  3 giant cockroaches
  6 goblins
  7 hobgoblins
  6 kobolds
  3 quokkas
  7 ball pythons
  2 frilled lizards (D:2)
  7 rats
70 creatures vanquished.

Notes
Turn   | Place    | Note
-------+----------+-------------------------------------------
     0 | D:1      | Cedruin the Demonspawn Gladiator began the quest for the
                  | Orb.
     0 | D:1      | Reached XP level 1. HP: 16/16 MP: 1/1
   113 | D:1      | Reached skill level 3 in Axes
   113 | D:1      | Gained mutation: You regenerate magic rapidly. [demonic
                  | ancestry]
   113 | D:1      | Reached XP level 2. HP: 22/22 MP: 2/2
  1024 | D:1      | Reached XP level 3. HP: 28/28 MP: 3/3
  1363 | D:2      | Found a burning altar of Makhleb.
  1983 | D:3      | Gained mutation: When seriously injured, your blood forms
                  | armour. (AC +0) [demonic ancestry]
  1983 | D:3      | Reached XP level 4. HP: 34/34 MP: 4/4
  1992 | D:3      | Reached skill level 4 in Axes
  2068 | D:3      | Found a faded altar of an unknown god.
  2130 | D:3      | Gained mutation: You sometimes gain a little power by
                  | taking damage. [demonic ancestry]
  2130 | D:3      | Reached XP level 5. HP: 41/41 MP: 5/5
  2132 | D:3      | Quit the game

Illustrated notes

Levels and vault maps discovered:
D:1:      minmay_arrival_radiant_lines, layout_basic, minmay_pentomino_v2
D:2:      layout_loops_ring, basic_altar, kennysheep_generic_room_2
D:3:      layout_rooms, serial_shops, nicolae_square_shop,
          chequers_ecumenical_altar_island, hangedman_abyss_or_decor_stabs,
          minmay_checkerbox

Skill      XL: |  1  2  3  4 |
---------------+-------------+-----
Axes           | 3 4 |  4.2
Dodging        | 3 |  3.4
Fighting       | 3 |  3.0
Throwing       | |  1.7

Action                   |  1- 3 |  4- 6 || total
-------------------------+-------+-------++-------
Melee: War axe           |   134 |    36 ||   170
       Punch             |     1 |       ||     1
  Use: Scroll            |    10 |       ||    10
 Stab: Sleeping          |     1 |       ||     1
Armor: Leather armour    |    55 |       ||    55
       Ring mail         |     4 |    19 ||    23
Dodge: Dodged            |    90 |    33 ||   123

Table legend: (Time is in decaauts)
 A = Elapsed time spent in this place.
 B = Non-inter-level travel time spent in this place.
 C = Inter-level travel time spent in this place.
 D = Time resting spent in this place.
 E = Time spent auto-exploring this place.
 F = Levels seen in this place.
 G = Mean time per level.
                   A        B        C        D        E       F      G
               +--------+--------+--------+--------+--------+-----+--------+
         Total |   2188 |   2135 |     53 |      3 |   1697 |   3 |  729.3 |
       Dungeon |   2188 |   2135 |     53 |      3 |   1697 |   3 |  729.3 |
               +--------+--------+--------+--------+--------+-----+--------+

Top non-repeatable levels by time:
     D:1: 1244 daAuts
     D:2: 777 daAuts
     D:3: 166 daAuts
